 Dungeon Crawl Stone Soup version 0.27-a0-686-gaed091b46b (webtiles) character file.

Game seed: 14245057379746690243

3231 jasper the Cleaver (level 9, 0/74 HPs)
             Began as a Demonspawn Delver on Mar 21, 2021.
             Was a Priest of Okawaru.
             Slain by a vampire (2 damage)
             ... on level 7 of the Dungeon.
             The game lasted 00:19:25 (10965 turns).

jasper the Cleaver (Demonspawn Delver)             Turns: 10965, Time: 00:19:26

Health: 0/74       AC: 13    Str: 13 (16) XL:     9   Next: 66%
Magic:  11/11      EV: 11    Int: 10 (12) God:    Okawaru [***...]
Gold:   300        SH:  0    Dex: 13 (14) Spells: 6/8 levels left

rFire    . . .     SeeInvis .   o - +0 hand axe (vorpal)
rCold    . . .     Faith    .   (no shield)
rNeg     . . .     Spirit   .   h - +3 chain mail {rPois}
rPois    +         Reflect  .   (no helmet)
rElec    .         Harm     .   (no cloak)
rCorr    .         Rampage  .   (no gloves)
Will     .....                  (boots unavailable)
Stlth    ..........             (no amulet)
HPRegen  0.22/turn              (no ring)
MPRegen  0.12/turn              (no ring)

@: agile, attractive
A: hooves 3, powered by pain 1, mutation resistance 1, robust 1
a: Renounce Religion, Heroism


You were on level 7 of the Dungeon.
You worshipped Okawaru.
Okawaru was most pleased with you.
You visited 1 branch of the dungeon, and saw 8 of its levels.

You collected 365 gold pieces.
You spent 65 gold pieces at shops.

Inventory:

Hand Weapons
 a - a +0 hand axe
 m - a +0 hand axe
 o - a +0 vorpal hand axe (weapon)
 r - a +3 hand axe of freezing
Missiles
 f - 26 bolts
 i - 5 javelins
 s - 135 stones
 v - 13 boomerangs (quivered)
Armour
 b - a +0 leather armour
 h - a +3 chain mail of poison resistance (worn)
 p - a +0 ring mail
 t - a +0 kite shield
 w - a +0 tower shield
Jewellery
 k - an amulet of guardian spirit
Wands
 g - a wand of digging (3)
 n - a wand of flame (22)
Scrolls
 c - 2 scrolls of fog
 d - 3 scrolls of magic mapping
 l - a scroll of identify
 x - a scroll of immolation
Potions
 e - 2 potions of cancellation
 q - a potion of flight
 u - a potion of brilliance


   Skills:
 + Level 5.3 Fighting
 * Level 10.0 Axes
 + Level 6.1 Armour
 - Level 1.7 Dodging
 - Level 4.5 Stealth
 - Level 3.0 Invocations


You had 6 spell levels left.
You knew the following spells:

 Your Spells              Type           Power      Damage    Failure   Level
a - Blink                 Tloc           N/A        N/A       100%        2

Your spell library contained the following spells:

 Spells                   Type           Power      Damage    Failure   Level
 Magic Dart               Conj           0%         1d3       100%        1
 Call Imp                 Summ           0%         N/A       100%        2
 Slow                     Hex            0%         N/A       100%        2
 Conjure Flame            Conj/Fire      0%         6-21      100%        3
 Mephitic Cloud           Conj/Pois/Air  0%         N/A       100%        3


Dungeon Overview and Level Annotations

Branches:
Dungeon (8/15)             Temple (0/1) D:4
   Lair: D:8-11

Altars:
Ashenzari
Elyvilon
Gozag
Kikubaaqudgha
Okawaru
Ru
Sif Muna
Trog
Vehumet
Wu Jian
The Shining One

Shops:
D:1 (   D:3 !


Innate Abilities, Weirdness & Mutations

You have hooves in place of feet.
You sometimes gain a little power by taking damage.
You are somewhat resistant to further mutation.
You are robust. (+10% HP)


Message History

The orc shouts!
You hit something but do no damage. You kick something.
The orc is pulled toward you!
You hit something but do no damage. You kick something.
You barely miss the orc. Something hits you but does no damage.
Something bites you but does no damage.
You hit the orc. You kick the orc.
The orc is almost dead.
You hit something but do no damage. The orc hits you but does no damage.
A wight comes into view. It is wielding a +0 scimitar.
Something hits you.
* * * LOW HITPOINT WARNING * * *
Something bites you.
* * * LOW HITPOINT WARNING * * *
Something draws strength from your injuries!
A wight comes into view. It is wielding a +4 dagger.
The wight is pulled toward you! x2
You take 5 damage, and have 14/74 hp.
You closely miss the orc.
The orc is almost dead.
You hit something but do no damage. The orc barely misses you.
A wight comes into view. It is wielding a +0 great sword.
Something hits you.
* * * LOW HITPOINT WARNING * * *
Something bites you but does no damage. The wight is pulled toward you! x3
You take 3 damage, and have 11/74 hp.
Okay, then.
Something hits you.
* * * LOW HITPOINT WARNING * * *
Something bites you.
* * * LOW HITPOINT WARNING * * *
Something draws strength from your injuries!
The wight is pulled toward you!
You take 10 damage, and have 1/74 hp.
Okay, then.
You hit the orc.
You kill the orc!
Okawaru accepts your kill.
You hit something. Something hits you.
You die...

##....... #
##.##..
.............
# #
............
.....
#..........
.##..
#......>.. ..#
# #.....#.#
....
##.#.......###
.l...
.............#
...##
#..@.....##
##.
###).......
#zz......
#z.....#.
......##
.....##
....### ....#
......


You could see 3 wights.

Vanquished Creatures
  Sigmund (D:4)
  4 yaks
  An ice beast (D:8)
  A sky beast (D:6)
  A black bear (D:7)
  5 ogres
  A phantom (D:5)
  Blork the orc (D:4)
  A kobold brigand (D:7)
  6 bullfrogs
  2 scorpions
  4 killer bees (D:8)
  A howler monkey (D:5)
  A jelly (D:8)
  2 bullfrog zombies (D:5)
  A hound (D:7)
  2 bullfrog skeletons
  Ijyb (D:5)
  7 worker ants
  4 orc wizards
  2 iguanas (D:4)
  A hound skeleton (D:5)
  2 worker ant zombies
  3 gnolls (D:5)
  8 adders
  A shadow imp (D:5)
  2 ufetubi
  2 oozes
  2 adder skeletons
  2 adder zombies
  6 worms
  2 dart slugs (D:1)
  4 leopard geckos
  21 orcs
  A ball python (D:3)
  6 giant cockroaches
  16 goblins
  14 hobgoblins
  7 jackals
  14 kobolds
  5 quokkas
  9 bats
  7 frilled lizards
  A jackal skeleton (D:4)
  2 quokka skeletons
  16 rats
203 creatures vanquished.

Vanquished Creatures (others)
  2 bushes (D:8)
  4 fungi (D:8)
  23 plants (D:8)
29 creatures vanquished.

Grand Total: 232 creatures vanquished

Notes
Turn   | Place    | Note
-------+----------+-------------------------------------------
     0 | D:5      | jasper the Demonspawn Delver began the quest for the Orb.
     0 | D:5      | Reached XP level 1. HP: 18/18 MP: 1/1
     4 | D:5      | Found an iron altar of Okawaru.
    27 | D:5      | Became a worshipper of Warmaster Okawaru
   585 | D:4      | Noticed Blork the orc
   637 | D:4      | Reached skill level 2 in Axes
   984 | D:3      | Gained mutation: You sometimes gain a little power by
                  | taking damage. [demonic ancestry]
   984 | D:3      | Reached XP level 2. HP: 5/24 MP: 2/2
  1252 | D:3      | Found Aggyts's Distillery.
  1559 | D:1      | Reached skill level 3 in Axes
  1814 | D:1      | Reached XP level 3. HP: 21/29 MP: 3/3
  2715 | D:1      | Found Piquil's Weapon Boutique.
  3016 | D:1      | Bought a +0 vorpal hand axe for 65 gold pieces
  3428 | D:2      | Reached skill level 4 in Axes
  3428 | D:2      | Reached XP level 4. HP: 27/35 MP: 4/4
  4430 | D:2      | Found an ancient bone altar of Kikubaaqudgha.
  4500 | D:3      | Gained mutation: You have large cloven feet. [demonic
                  | ancestry]
  4500 | D:3      | Reached XP level 5. HP: 35/41 MP: 5/5
  4517 | D:3      | Reached skill level 1 in Armour
  5084 | D:3      | Learned a level 2 spell: Blink
  5214 | D:3      | Reached skill level 5 in Axes
  5671 | D:4      | Gained mutation: You have hoof-like feet. [demonic
                  | ancestry]
  5671 | D:4      | Reached XP level 6. HP: 31/47 MP: 6/6
  5785 | D:4      | Found a staircase to the Ecumenical Temple.
  6038 | D:4      | Killed Blork the orc
  6155 | D:4      | Reached skill level 6 in Axes
  6213 | D:4      | Noticed Sigmund
  6402 | D:5      | Reached * piety under Okawaru
  6408 | D:5      | Reached XP level 7. HP: 46/52 MP: 7/7
  6411 | D:5      | Gained mutation: You have hooves in place of feet. [potion
                  | of mutation]
  6411 | D:5      | Gained mutation: You are somewhat resistant to further
                  | mutation. [potion of mutation]
  6411 | D:5      | Gained mutation: You are robust. (+10% HP) [potion of
                  | mutation]
  6733 | D:5      | Noticed Ijyb
  6744 | D:5      | Killed Ijyb
  6745 | D:5      | Reached skill level 7 in Axes
  7292 | D:5      | Found a broken altar of Ashenzari.
  7626 | D:6      | Reached ** piety under Okawaru
  7656 | D:6      | Reached skill level 1 in Invocations
  7656 | D:6      | Reached XP level 8. HP: 50/63 MP: 8/8
  8004 | D:6      | HP: 1/63 [orc warrior/+0 long sword (15)]
  8318 | D:6      | Found a bloodstained altar of Trog.
  8319 | D:6      | Found a radiant altar of Vehumet.
  8323 | D:6      | Found an ornate altar of the Wu Jian Council.
  8324 | D:6      | Found an opulent altar of Gozag.
  8345 | D:6      | Reached skill level 8 in Axes
  8362 | D:6      | Found a shimmering blue altar of Sif Muna.
  9248 | D:4      | Killed Sigmund
  9529 | D:7      | Reached skill level 5 in Armour
  9597 | D:6      | Reached *** piety under Okawaru
  9662 | D:7      | Reached skill level 9 in Axes
  9662 | D:7      | Mutation became permanent: You have hoof-like feet.
                  | [demonic ancestry]
  9662 | D:7      | Gained mutation: You have hooves in place of feet. [demonic
                  | ancestry]
  9662 | D:7      | Reached XP level 9. HP: 43/71 MP: 9/11
  9870 | D:7      | Found a sacrificial altar of Ru.
  9983 | D:7      | Noticed a boulder beetle
 10412 | D:8      | Reached skill level 5 in Fighting
 10883 | D:8      | Reached skill level 10 in Axes
 10964 | D:7      | HP: 1/74 [something (4)]
 10965 | D:7      | Slain by a vampire

Illustrated notes

Levels and vault maps discovered:
D:1:      dpeg_arrival_prison, layout_loops_corners, serial_shops,
          nicolae_shop_trees, minmay_crystal_water, kennysheep_crisscross,
          st_stairs_13, minmay_quantized
D:2:      layout_basic, lemuel_coloured_pillars_altar
D:3:      cheibrodos_greedy_goblins, layout_rooms, serial_shops, shop,
          elyvilon_altar_1
D:4:      layout_basic, minmay_temple_entry_stoned_glass, uniq_sigmund,
          uniq_blork_the_orc
D:5:      layout_basic, kennysheep_mini, lemuel_round_altar, uniq_ijyb
D:6:      layout_rooms, grunt_temple_overflow_open
D:7:      layout_cave_pools, nicolae_ru_awakened_eye, minmay_nine_imps
D:8:      layout_loops_ring, minmay_lair_entry_grove, nzn_life_drinkers,
          uniq_harold

Skill      XL: |  1  2  3  4  5  6  7  8  9 |
---------------+----------------------------+-----
Axes           | 2 3 4 5 6 7 9 10 | 10.0
Armour         | 1 2 4 5 6 |  6.1
Invocations    | 1 3 |  3.0
Fighting       | 4 5 |  5.3
Dodging        | |  1.7
Stealth        | |  4.5

Action                   |  1- 3 |  4- 6 |  7- 9 || total
-------------------------+-------+-------+-------++-------
Melee: Hand axe          |   114 |   264 |   342 ||   720
       Kick              |       |    51 |   104 ||   155
       Punch             |       |       |     3 ||     3
Throw: Javelin           |    36 |    14 |       ||    50
       Throwing net      |     1 |       |     2 ||     3
       Stone             |       |    62 |    37 ||    99
       Boomerang         |       |       |    90 ||    90
Invok: Heroism           |       |       |    10 ||    10
Evoke: Wand              |       |       |     8 ||     8
  Use: Scroll            |     2 |     5 |     8 ||    15
       Potion            |     1 |     5 |     4 ||    10
 Stab: Sleeping          |     7 |       |       ||     7
       Held in net/web   |       |       |     1 ||     1
Armor: Leather armour    |    53 |       |       ||    53
       Chain mail        |       |   135 |   214 ||   349
       Skin              |       |     5 |       ||     5
       Ring mail         |       |     4 |       ||     4
Dodge: Dodged            |    91 |    80 |   127 ||   298

Table legend: (Time is in decaauts)
 A = Elapsed time spent in this place.
 B = Non-inter-level travel time spent in this place.
 C = Inter-level travel time spent in this place.
 D = Time resting spent in this place.
 E = Time spent auto-exploring this place.
 F = Levels seen in this place.
 G = Mean time per level.
                   A        B        C        D        E       F      G
               +--------+--------+--------+--------+--------+-----+--------+
         Total |  10975 |  10606 |    369 |   3074 |   5013 |   8 | 1371.9 |
       Dungeon |  10975 |  10606 |    369 |   3074 |   5013 |   8 | 1371.9 |
               +--------+--------+--------+--------+--------+-----+--------+

Top non-repeatable levels by time:
     D:4: 2187 daAuts
     D:1: 1801 daAuts
     D:5: 1586 daAuts
     D:3: 1516 daAuts
     D:2: 1485 daAuts
     D:6: 938 daAuts
     D:8: 901 daAuts
     D:7: 559 daAuts
